Map: Interloper LE

Players

Yata - Winner!

  • Race: Zerg Zerg
  • League: Platinum
  • Spawn Location: 11:00

NinjaKWick

  • Race: Terran Terran
  • League: Diamond
  • Spawn Location: 5:00

VOD

Have the link to the VOD?

Description

Time

  • Played on: Nov. 9, 2017, 7:57 p.m.
  • Length: 9:57
Show
View Real Time Build Order
Export as new Build Order

Yata Zerg - Winner!

Build Orders: Hatch First 

Get SALT Encoding   

  12  0:00  Drone  
  13  0:14  Overlord  
  13  0:17  Drone  
  14  0:32  Drone x2  
  16  0:36  Drone  
  17  0:55  Hatchery  
  17  0:56  Drone  
  17  1:00  Drone  
  18  1:10  Extractor  
  17  1:16  Spawning Pool  
  17  1:18  Drone  
  17  1:21  Drone  
  18  1:33  Drone  
  19  1:43  Overlord  
  19  1:55  Drone  
  20  2:05  Queen  
  20  2:07  Queen  
  24  2:08  Zergling x2  
  24  2:09  Zergling x2  
  26  2:16  Metabolic Boost, Drone  
  27  2:23  Drone  
  27  2:24  Evolution Chamber  
  27  2:25  Drone  
  28  2:35  Drone x2  
  30  2:48  Drone x2, Baneling Nest  
  31  2:54  Drone  
  31  2:56  Overlord  
  32  3:02  Drone  
  33  3:18  Drone  
  33  3:19  Drone x7  
  41  3:23  Overlord  
  41  3:28  Pneumatized Carapace  
  41  3:43  Hatchery  
  41  3:44  Zergling x2  
  41  4:05  Zergling x10  
  41  4:07  Overlord  
  41  4:08  Overlord  
  46  4:15  Drone  
  46  4:17  Queen  
  47  4:18  Queen  
  47  4:21  Zergling x2  
  47  4:23  Baneling x3  
  52  4:28  Zerg Melee Weapons Level 1  
  52  4:49  Zergling x12  
  52  4:50  Zergling x6  
  52  5:09  Zergling x2  
  52  5:10  Zergling x12  
  52  5:13  Drone  
  60  5:18  Drone x2  
  60  5:19  Drone  
  63  5:26  Baneling x3  
  63  5:27  Baneling x3  
  63  5:33  Queen  
  65  5:39  Drone  
  65  5:40  Extractor, Drone x2  
  65  5:42  Extractor, Drone x3  
  70  5:48  Lair  
  69  6:09  Drone x5  
  70  6:18  Drone x2  
  70  6:19  Drone  
  70  6:51  Zergling x2  
  70  6:52  Zergling x8, Hydralisk Den  
  74  6:55  Overlord x3  
  74  6:56  Overlord x3  
  74  7:17  Queen x2  
  74  7:18  Queen  
  74  7:19  Zerg Melee Weapons Level 2  
  80  7:23  Muscular Augments, Hydralisk  
  80  7:24  Hydralisk x4  
  90  7:42  Hydralisk  
  90  7:43  Hydralisk x2  
  96  7:45  Zergling x2  
  96  7:46  Zergling x32  
  113  7:54  Zergling x2  
  114  8:05  Hatchery  
  113  8:43  Zergling x6  
  113  8:44  Zergling x12  
  122  9:12  Overlord x6  
  122  9:16  Queen x3  
  128  9:23  Baneling x14  
  128  9:24  Baneling x19  
  128  9:36  Zergling x28  
Show
View Real Time Build Order
Export as new Build Order

NinjaKWick Terran 

Build Orders: MMM Bio 

Get SALT Encoding   

  12  0:01  SCV  
  13  0:13  SCV  
  14  0:17  Supply Depot  
  14  0:25  SCV  
  14  0:28  Refinery  
  15  0:39  SCV  
  16  0:46  Barracks  
  16  0:51  SCV  
  17  1:03  SCV  
  18  1:15  SCV  
  19  1:38  Barracks Reactor  
  19  1:39  Orbital Command  
  19  1:49  Command Center  
  19  2:06  SCV  
  20  2:13  Supply Depot  
  20  2:14  Barracks  
  20  2:23  Factory  
  20  2:24  SCV  
  21  2:31  Marine x2  
  23  2:40  SCV  
  23  2:41  Refinery  
  24  2:49  Marine x2  
  26  2:52  SCV  
  27  3:01  SCV  
  27  3:02  Barracks Tech Lab  
  28  3:06  SCV  
  28  3:11  Factory Reactor  
  28  3:12  Starport  
  28  3:13  Marine  
  29  3:21  Orbital Command  
  29  3:27  SCV  
  30  3:35  Stimpack  
  30  3:37  Marine x2  
  30  3:38  Marine  
  30  3:41  SCV  
  34  3:56  Marine x2  
  34  3:58  Supply Depot  
  34  4:00  SCV  
  34  4:01  SCV  
  34  4:02  Marine  
  39  4:04  Factory Tech Lab  
  39  4:12  Medivac x2  
  39  4:15  Marine, SCV x2  
  46  4:19  Marine  
  46  4:23  Supply Depot  
  47  4:27  Marine  
  48  4:39  SCV  
  48  4:40  Marine x2, SCV  
  51  4:49  Marine  
  44  4:54  SCV  
  44  4:55  SCV  
  46  5:00  Marine x2  
  48  5:08  SCV x2  
  48  5:11  Supply Depot  
  48  5:13  Marine  
  51  5:14  Command Center  
  51  5:23  Engineering Bay x2  
  51  5:25  Marine x2  
  53  5:29  SCV x2  
  53  5:31  Marine  
  56  5:42  SCV x2  
  58  5:43  Barracks  
  58  5:44  Barracks  
  58  5:46  Refinery  
  58  5:47  Refinery  
  58  5:57  Supply Depot  
  58  6:01  Combat Shields  
  58  6:03  Marine x2  
  60  6:04  Marauder  
  60  6:05  Siege Tank  
  60  6:07  Terran Infantry Weapons Level 1  
  61  6:21  Marine  
  61  6:22  Supply Depot, Marine  
  61  6:25  Marine  
  45  6:33  Barracks Reactor, Barracks Tech Lab  
  45  6:37  SCV x2  
  43  6:40  Barracks  
  43  6:56  SCV x2  
  43  6:58  Siege Tank  
  43  6:59  Medivac x2  
  52  7:03  Marine x2  
  54  7:12  Orbital Command  
  54  7:13  SCV  
  55  7:21  Marine x2  
  55  7:22  Marine  
  58  7:24  SCV  
  58  7:29  Concussive Shells  
  59  7:31  Barracks Reactor  
  59  7:32  Marine  
  59  7:33  Marauder  
  62  7:37  SCV x2  
  62  7:38  SCV  
  62  7:40  Marine  
  66  7:51  SCV  
  66  7:52  Marine, SCV x2  
  66  7:53  Marine x2  
  66  7:54  Marauder  
  66  7:56  Siege Tank  
  77  8:06  SCV x3  
  80  8:22  Orbital Command  
  80  8:28  SCV x2  
  80  8:32  Marine x2  
  80  8:33  Marine x4  
  92  8:34  Siege Tank, Marauder x2  
  92  8:35  Medivac x2  
  89  9:01  Marine x5  
  89  9:02  Marine, Marauder x2  
  99  9:05  Medivac  
  101  9:16  Supply Depot, Sensor Tower  
  101  9:17  Supply Depot  
  101  9:18  Supply Depot x2  
  101  9:20  Armory  
  101  9:38  SCV  
  101  9:39  SCV  
Tags
 
Composition
MMM Bio
Matchup
TvZ
Replay Pack
Pack 1
Spawn Locations
Cross Positions
Add a new tag
Caveats
  • Supply blocks, unpowered buildings, or Contaminate may cause inaccurate times.
  • Supply counts are checked every 10 seconds.